 Dungeon Crawl Stone Soup version 0.25-a0-294-gea9b1ad (webtiles) character file.

Game seed: 10056125824680284726, levelgen mode: deterministic

10 15 the Gusty (level 2, 0/15 HPs)
             Began as a Tengu Air Elementalist on Dec 17, 2019.
             Killed from afar by a dart slug (6 damage)
             ... with a slug dart
             ... on level 1 of the Dungeon.
             The game lasted 00:01:25 (423 turns).

15 the Gusty (Tengu Air Elementalist)                Turns: 423, Time: 00:01:25

Health: 0/15       AC:  2    Str:  8    XL:     2   Next: 20%
Magic:  1/6        EV: 12    Int: 15    God:
Gold:   9          SH:  0    Dex: 14    Spells: 2/5 levels left

rFire    . . .     SeeInvis .   b - +0 club
rCold    . . .     Gourm    .   (no shield)
rNeg     . . .     Faith    .   a - +0 robe
rPois    .         Spirit   .   (helmet restricted)
rElec    .         Reflect  .   (no cloak)
rCorr    .         Harm     .   (no gloves)
MR       .....                  (boots unavailable)
Stlth    ++........             (no amulet)
HPRegen  0.05/turn              (no ring)
MPRegen  0.10/turn              (no ring)

@: no status effects
A: beak, talons 3
a: no special abilities


You were on level 1 of the Dungeon.
You were not hungry.

You visited 1 branch of the dungeon, and saw 1 of its levels.

You collected 9 gold pieces.

Inventory:

Hand Weapons
 b - a +0 club (weapon)
Armour
 a - a +0 robe (worn)
Scrolls
 e - a scroll of identify {unknown}
Potions
 d - a potion of heal wounds {unknown}
Comestibles
 c - a ration
 f - 2 chunks of flesh


   Skills:
 * Level 0.5 Armour
 * Level 2.2 Dodging
 + Level 2.1 Stealth
 + Level 0.2 Unarmed Combat
 + Level 2.2 Spellcasting
 * Level 1.3 Conjurations
 + Level 4.2 Air Magic


You had 2 spell levels left.
You knew the following spells:

 Your Spells              Type           Power        Failure   Level  Hunger
a - Shock                 Conj/Air       ##..         7%          1    #......
b - Swiftness             Chrm/Air       #.......     14%         2    ###....

Your spell library contained the following spells:

 Spells                   Type           Power        Failure   Level  Hunger
 Static Discharge         Conj/Air       ##......     21%         3    ###....
 Airstrike                Air            ##........   36%         4    #####..
 Lightning Bolt           Conj/Air       ##........   88%         5    ######.


Dungeon Overview and Level Annotations

Branches:
Dungeon (1/15)

Altars:


Innate Abilities, Weirdness & Mutations

You have a beak for a mouth.
You have claws for feet.


Message History

Casting: Shock (safe; 7% risk of failure)
Confirm with . or Enter, or press ? or * to list all spells.
Aiming: Shock (safe; 7% risk of failure)
Press: ? - help, Shift-Dir - straight line, f - dart slug
Aim: a dart slug The zap hits the dart slug.
The dart slug is moderately wounded.
Casting: Shock (safe; 7% risk of failure)
Confirm with . or Enter, or press ? or * to list all spells.
Aiming: Shock (safe; 7% risk of failure)
Press: ? - help, Shift-Dir - straight line, f/p - dart slug
Aim: a dart slug (moderately wounded)
The zap hits the dart slug.
The dart slug is severely wounded.
Your magical contamination has completely faded away.
You see here a rat skeleton.
The dart slug is too close now for your liking.
The dart slug launches a dart at you. The slug dart hits you.
You die...

#.##...................
#.##........ ..###
#.##.......( .....
#.##....... .....
#.(....# ..###
###....####.# ##
#....÷.....# #.
#.....###### #...
#..÷.@# #....
#....w.....# ...##
#..........# .. #.
#...........## . #..
#.#......?..#
#.#.........# # #
#.........# #.
........... #.. #.


You could see a dart slug.

Vanquished Creatures
  4 jackals (D:1)
  2 frilled lizards (D:1)
  A kobold (D:1)
  4 rats (D:1)
11 creatures vanquished.

Notes
Turn   | Place    | Note
-------+----------+-------------------------------------------
     0 | D:1      | 15 the Tengu Air Elementalist began the quest for the Orb.
     0 | D:1      | Reached XP level 1. HP: 10/10 MP: 4/4
   373 | D:1      | Reached XP level 2. HP: 15/15 MP: 4/6
   377 | D:1      | Learned a level 2 spell: Swiftness
   423 | D:1      | Killed from afar by a dart slug

Levels and vault maps discovered:
D:1:      dpeg_arrival_concentric_ovals, layout_basic, minmay_tiny_reverse_x

Action                   || total
-------------------------++-------
Melee: Unarmed           ||    19
       Kick              ||     5
       Peck              ||     2
       Club              ||     4
 Cast: Shock             ||    13
Armor: Robe              ||     5
Dodge: Dodged            ||    18

Table legend:
 A = Non-vault XP
 B = Vault XP
 C = Vault XP percentage of total XP
 D = Non-vault monster count
 E = Vault monster count
 F = Vault count percentage of total count
                 A         B        C        D         E       F
            +---------+---------+-------+---------+---------+-------
      Total |      15 |       0 |   0.0 |      11 |       0 |   0.0
            +---------+---------+-------+---------+---------+-------
        D:1 |      15 |       0 |   0.0 |      11 |       0 |   0.0
            +---------+---------+-------+---------+---------+-------
